 Dungeon Crawl Stone Soup version 0.24-a0-347-g1a3e1d35ff (webtiles) character file.

Game seed: 13827924638913599326

7162 MachJacob the Slinger (level 11, 0/72 HPs)
             Began as a Halfling Skald on May 23, 2019.
             Was a High Priest of Okawaru.
             Slain by a spiny frog (13 damage)
             ... on level 1 of the Lair of Beasts.
             The game lasted 01:12:24 (18296 turns).

MachJacob the Slinger (Halfling Skald)             Turns: 18296, Time: 01:12:24

Health: 0/72       AC:  8    Str: 12    XL:     11   Next: 32%
Magic:  9/26       EV: 18    Int: 18    God:    Okawaru [*****.]
Gold:   638        SH:  0    Dex: 16    Spells: 13/19 levels left

rFire    . . .     SeeInvis .   a - +0 short sword
rCold    . . .     Gourm    .   (shield restricted)
rNeg     . . .     Faith    .   A - +0 leather armour
rPois    .         Spirit   .   g - +0 helmet
rElec    .         Reflect  .   v - +0 cloak
rCorr    .         Harm     .   E - +0 pair of gloves
MR       .....                  D - +0 pair of boots
Stlth    +.........             (no amulet)
HPRegen  1.22/turn              s - +5 ring of intelligence
MPRegen  0.20/turn              c - ring of magical power

@: lethally poisoned (0 -> 0), shrouded, infused, regenerating
A: small, mutation resistance 1
a: Heroism, Finesse, Renounce Religion


You were on level 1 of the Lair of Beasts.
You worshipped Okawaru.
Okawaru was extremely pleased with you.
You were very hungry.

You visited 2 branches of the dungeon, and saw 12 of its levels.

You collected 638 gold pieces.

Inventory:

Hand Weapons
 a - a +0 short sword (weapon)
 b - a +0 hunting sling
 F - a +0 hand axe of chopping
 I - a +4 falchion
 N - a +6 mace of freezing
Missiles
 n - 243 stones (quivered)
 r - 7 curare-tipped darts {!f}
 L - 44 sling bullets
Armour
 g - a +0 helmet (worn)
 v - a +0 cloak (worn)
 A - a +0 leather armour (worn)
 B - +1 ice dragon scales
 D - a +0 pair of boots (worn)
 E - a +0 pair of gloves (worn)
 H - a +0 shield
 M - the cursed +1 robe of Honour {MR+ Str+2}
   (You found it on level 10 of the Dungeon)

   It affects your strength (+2).
   It affects your resistance to hostile enchantments.
   It has a curse placed upon it.
Jewellery
 c - a ring of magical power (right hand)
 q - a +3 ring of strength
 s - a +5 ring of intelligence (left hand)
 G - an uncursed ring of protection from fire
Wands
 x - a wand of random effects (43)
 y - a wand of polymorph (27)
 J - a wand of iceblast (7)
Scrolls
 e - 2 scrolls of immolation
 l - 3 scrolls of fear
 m - 4 scrolls of amnesia
 p - 4 scrolls of remove curse
 u - 5 scrolls of teleportation
 C - 2 scrolls of identify
Potions
 i - a potion of lignification
 j - 2 potions of mutation
 k - 2 potions of flight
 o - 2 potions of haste
 t - a potion of brilliance
 w - 4 potions of curing
 z - a potion of cancellation
 K - a potion of agility
 O - a potion of degeneration {unknown}
 P - a potion of might {unknown}
Miscellaneous
 f - a phial of floods (inert)
Comestibles
 d - 18 rations


   Skills:
 + Level 5.4 Fighting
 - Level 5.0 Short Blades
 * Level 10.1 Slings
 + Level 6.3 Armour
 + Level 6.6 Dodging
 + Level 4.5 Spellcasting
 - Level 8.0 Charms
 * Level 4.4 Necromancy
 - Level 3.0 Translocations
 + Level 0.4 Invocations


You had 13 spell levels left.
You knew the following spells:

 Your Spells              Type           Power        Failure   Level  Hunger
a - Infusion              Chrm           ####         1%          1    None
b - Regeneration          Chrm/Necr      ####......   4%          3    ###....
c - Shroud of Golubria    Chrm/Tloc      ###.......   2%          2    #......

Your spell library contained the following spells:

 Spells                   Type           Power        Failure   Level  Hunger
 Song of Slaying          Chrm           ####....     1%          2    #......
 Spectral Weapon          Hex/Chrm       ###.....     10%         3    ###....


Dungeon Overview and Level Annotations

Branches:
Dungeon (11/15)            Temple (0/1) D:4            Lair (1/6) D:10
    Orc (0/2) D:9

Altars:
Dithmenos
Gozag
Hepliaklqana
Makhleb
Okawaru
Wu Jian
The Shining One

Shops:
D:5 !   D:8 =

Annotations:
D:2 1 runed translucent door, Crazy Yiuf


Innate Abilities, Weirdness & Mutations

You are small and have problems with some larger weapons.
You are somewhat resistant to further mutation.


Message History

You feel sick. The spiny frog completely misses you.
You hit the spiny frog.
The spiny frog is severely wounded.
The spiny frog stings you!
* * * LOW HITPOINT WARNING * * *
Your shroud falls apart!
Casting: Shroud of Golubria (safe; 2% risk of failure)
Confirm with . or Enter, or press ? or * to list all spells.
Space distorts slightly along a thin shroud covering your body.
Your skin stops crawling.
You feel sick.
The spiny frog stings you but does no damage.
The spiny frog completely misses you.
You hit the spiny frog.
The spiny frog is severely wounded.
The spiny frog closely misses you.
Casting: Shroud of Golubria (safe; 2% risk of failure)
Confirm with . or Enter, or press ? or * to list all spells.
Your skin crawls.
You feel sick. The spiny frog stings you!
You die...

..........P......................
#........P.......................
##..............[................
#..................((............
##...................(((...##....
#..............(########.#####..
#.##(...........### #### ##.
####...........F.P###.##### #..
#..##..........@.....###..####..
##.....................###..##...
#......................##........
#.......P........................
.......####......................
......## #.#.....................
.....## ####.#..................
....## #.###....#............
...## ### #.#.##P..........#


You could see a spiny frog.

Vanquished Creatures
  2 trolls (D:9 D:11)
  A hippogriff (D:8)
  Sigmund (D:2)
  A spriggan (D:7)
  A wyvern (D:9)
  A yak (D:11)
  Grum (D:9)
  2 wargs (D:10)
  2 orc warriors (D:9 D:10)
  2 ice beasts (D:6 D:8)
  3 sky beasts (D:7 D:10)
  A black bear (D:10)
  4 phantoms (D:7 D:8 D:10)
  A necrophage (D:7)
  3 wolves (D:9 D:11)
  4 ogres (D:5 D:7)
  6 centaurs (D:5 D:7 D:8)
  3 crocodiles (Lair:1)
  A big kobold (D:10)
  7 bullfrogs (D:6 D:7 D:8 D:9 Lair:1)
  2 scorpions (D:4 D:7)
  8 killer bees (D:9 D:11)
  5 wights (D:10)
  An electric eel (D:11)
  4 howler monkeys (D:6 D:8 D:11)
  4 crimson imps (D:6 D:7 D:9)
  A jelly (D:8)
  2 bullfrog zombies (D:7 D:11)
  3 bullfrog skeletons (D:3 D:5 D:10)
  5 hounds (D:4 D:5 D:6 D:9)
  11 orc priests (D:4 D:6 D:7 D:8 D:9)
  7 orc wizards (D:2 D:3 D:6 D:7 D:8)
  Jessica (D:2)
  A centaur skeleton (D:8)
  Ijyb (D:3)
  Terence (D:3)
  4 iguanas (D:4 D:5 D:7)
  8 worker ants (D:5 D:6 D:7 D:10)
  Natasha (twice) (D:1)
  A hound zombie (D:8)
  A hound skeleton (D:6)
  A howler monkey zombie (D:10)
  11 adders (D:2 D:3 D:4 D:5 D:7)
  2 shadow imps (D:5 D:6)
  3 oozes (D:2 D:7)
  2 adder zombies (D:7 D:9)
  An adder skeleton (D:8)
  3 worms (D:3 D:4)
  6 leopard geckos (D:1 D:2 D:4 D:6 D:10)
  44 orcs (D:2 D:3 D:4 D:5 D:6)
  6 giant cockroaches (D:1 D:3 D:4 D:5 D:6)
  3 goblins (D:1 D:2)
  5 hobgoblins (D:1 D:2)
  10 jackals (D:1 D:2 D:9)
  9 kobolds (D:1 D:2 D:3 D:10)
  4 quokkas (D:2 D:5 D:7)
  A ball python (D:5)
  9 bats (D:1 D:2 D:3)
  4 frilled lizards (D:2 D:4 D:5)
  A leopard gecko skeleton (D:6)
  A quokka zombie (D:10)
  13 rats (D:1 D:2 D:3)
259 creatures vanquished.

Notes
Turn   | Place    | Note
-------+----------+-------------------------------------------
     0 | D:1      | MachJacob the Halfling Skald began the quest for the Orb.
     0 | D:1      | Reached XP level 1. HP: 14/14 MP: 3/3
   177 | D:1      | Reached XP level 2. HP: 15/19 MP: 0/4
  1206 | D:1      | Reached XP level 3. HP: 24/24 MP: 5/5
  1395 | D:2      | Noticed Sigmund
  1707 | D:2      | Noticed Natasha
  1719 | D:1      | Killed Natasha
  1719 | D:1      | Reached XP level 4. HP: 8/29 MP: 0/6
  2181 | D:2      | Learned a level 3 spell: Regeneration
  2193 | D:2      | Found a runed translucent door.
  2194 | D:2      | Noticed Crazy Yiuf
  2341 | D:3      | Reached XP level 5. HP: 20/35 MP: 8/8
  2777 | D:1      | Noticed Natasha
  2785 | D:1      | Killed Natasha
  3180 | D:2      | Reached XP level 6. HP: 40/41 MP: 4/9
  3396 | D:3      | Found an iron altar of Okawaru.
  3483 | D:3      | Became a worshipper of Warmaster Okawaru
  3492 | D:3      | Noticed Terence
  3524 | D:3      | Killed Terence
  3589 | D:3      | Noticed Ijyb
  3627 | D:2      | Killed Sigmund
  3627 | D:2      | Reached * piety under Okawaru
  3627 | D:2      | Reached skill level 1 in Necromancy
  3627 | D:2      | Reached XP level 7. HP: 17/45 MP: 6/10
  4050 | D:2      | Noticed Jessica
  4081 | D:2      | Killed Jessica
  4188 | D:3      | Found a hazy altar of Hepliaklqana.
  4480 | D:3      | Reached skill level 5 in Short Blades
  4661 | D:3      | Killed Ijyb
  4973 | D:4      | Found a shadowy altar of Dithmenos.
  5032 | D:4      | Reached skill level 1 in Slings
  5634 | D:4      | Found a glowing golden altar of the Shining One.
  6681 | D:4      | Reached skill level 2 in Slings
  6847 | D:4      | Found a staircase to the Ecumenical Temple.
  7110 | D:5      | Entered Level 5 of the Dungeon
  7114 | D:5      | Found an opulent altar of Gozag.
  7210 | D:5      | Reached XP level 8. HP: 50/52 MP: 12/12
  7391 | D:5      | Found Myrim's Distillery.
  7876 | D:5      | Reached skill level 3 in Slings
  8672 | D:5      | Reached skill level 4 in Slings
  9160 | D:5      | Learned a level 2 spell: Shroud of Golubria
  9178 | D:6      | Found an ornate altar of the Wu Jian Council.
  9400 | D:5      | Reached skill level 5 in Charms
  9665 | D:6      | Reached ** piety under Okawaru
  9842 | D:6      | Reached skill level 1 in Translocations
  9892 | D:6      | Reached XP level 9. HP: 21/57 MP: 11/13
 10122 | D:6      | Reached skill level 5 in Slings
 10676 | D:7      | Found a burning altar of Makhleb.
 10959 | D:7      | Reached skill level 6 in Slings
 11709 | D:7      | Reached skill level 5 in Dodging
 11969 | D:7      | Reached *** piety under Okawaru
 12416 | D:8      | Reached skill level 7 in Slings
 12416 | D:8      | Reached XP level 10. HP: 63/64 MP: 15/15
 12494 | D:8      | Found Zuus's Jewellery Shop.
 12530 | D:8      | Found an ornate altar of the Wu Jian Council.
 12550 | D:8      | Reached skill level 5 in Armour
 12973 | D:8      | Noticed a fire crab
 12982 | D:8      | Noticed a komodo dragon
 12982 | D:8      | a fire crab changed into a komodo dragon
 13448 | D:8      | Noticed a deep troll
 13499 | D:8      | Reached **** piety under Okawaru
 13658 | D:9      | Reached skill level 8 in Slings
 13999 | D:9      | Noticed Grum
 14025 | D:9      | Received a gift from Okawaru
 14047 | D:9      | HP: 2/65 [Grum/+1 spear (18)]
 14054 | D:9      | Killed Grum
 14424 | D:9      | Noticed a two-headed ogre
 14619 | D:9      | Noticed a two-headed ogre
 14880 | D:9      | Found a staircase to the Orcish Mines.
 14964 | D:10     | Entered Level 10 of the Dungeon
 15063 | D:8      | Noticed a rime drake
 15063 | D:8      | a polar bear changed into a rime drake
 15468 | D:10     | Received a gift from Okawaru
 15751 | D:10     | Got an ancient robe
 15757 | D:10     | Identified the cursed +1 robe of Honour {MR+ Str+2} (You
                  | found it on level 10 of the Dungeon)
 15787 | D:10     | Reached skill level 5 in Fighting
 15938 | D:10     | Reached skill level 9 in Slings
 16083 | D:10     | Found a staircase to the Lair.
 16153 | D:10     | Reached XP level 11. HP: 71/71 MP: 17/17
 16584 | D:10     | Paralysed by an orc warrior for 6 turns
 16599 | D:10     | Paralysed by an orc warrior for 6 turns
 16775 | D:10     | Reached ***** piety under Okawaru
 17613 | D:11     | Noticed a cyan ugly thing
 17618 | D:11     | Reached skill level 10 in Slings
 17658 | Lair:1   | Entered Level 1 of the Lair of Beasts
 17992 | Lair:1   | Received a gift from Okawaru
 18296 | Lair:1   | Slain by a spiny frog

Levels and vault maps discovered:
D:1:      mrwooster_arrival_statue_2, layout_basic
D:2:      layout_loops_ring, serial_forest, infiniplex_forest_clump_double,
          infiniplex_forest_lined_3, infiniplex_forest_clump_diagonal,
          infiniplex_forest_fountain, infiniplex_forest_end_2,
          serial_park_tiny_pond, uniq_natasha, uniq_jessica,
          uniq_crazy_yiuf_cottage, uniq_sigmund
D:3:      layout_rooms, okawaru_gym_becter, nicolae_overflow_crystal_walls,
          chequers_arboretum, uniq_terence, uniq_ijyb
D:4:      layout_basic, old_standard_altar, kennysheep_mini_moat,
          minmay_temple_entry_waves
D:5:      kennysheep_six_static_rooms, layout_gridville, first_ration,
          serial_shops, nicolae_shop_stone, grunt_gozag_statues
D:6:      layout_basic, basic_altar
D:7:      layout_basic, basic_altar, the_bakery
D:8:      hangedman_cross_stitches, layout_gridville, kennysheep_little_box,
          ashenzari_conservatory_becter, serial_shops, shop
D:9:      layout_rooms, minmay_orc_entry_temple_small, uniq_grum
D:10:     layout_loops_cross, erik_lair_orcish_takeover
D:11:     layout_roguey, serial_ice, serial_ice_f, serial_ice_l, serial_ice_b,
          serial_ice_d, serial_ice_m, serial_ice_a, nicolae_trove_entry_crystal,
          lightli_corner_chamber
Lair:1:   layout_hall_layers

Skill      XL: |  1  2  3  4  5  6  7  8  9 10 11 |
---------------+----------------------------------+-----
Fighting       | 2 3 4 5 |  5.4
Short Blades   | 3 4 5 |  5.0
Spellcasting   | 2 3 4 |  4.5
Armour         | 2 3 4 5 6 |  6.3
Dodging        | 3 4 5 6 |  6.6
Charms         | 4 5 6 7 8 |  8.0
Necromancy     | 1 2 3 4 |  4.4
Slings         | 2 4 7 9 10 | 10.1
Translocations | 1 2 3 |  3.0
Invocations    | |  0.4

Action                   |  1- 3 |  4- 6 |  7- 9 | 10-12 || total
-------------------------+-------+-------+-------+-------++-------
Melee: Short sword       |    87 |   189 |   545 |   643 ||  1464
       Punch             |       |       |       |     1 ||     1
 Fire: Hunting sling     |       |       |   144 |   200 ||   344
Throw: Dart              |       |     2 |       |       ||     2
       Stone             |       |     1 |     2 |     2 ||     5
 Cast: Infusion          |     6 |    10 |    48 |    40 ||   104
       Regeneration      |       |       |    15 |    45 ||    60
       Shroud of Golubri |       |       |       |    27 ||    27
Invok: Heroism           |       |       |     4 |     3 ||     7
Evoke: Phial of floods   |       |       |       |     1 ||     1
  Use: Scroll            |       |     2 |    12 |     6 ||    20
       Potion            |       |       |       |     4 ||     4
 Stab: Sleeping          |     1 |     1 |       |       ||     2
  Eat: Chunk             |     2 |     7 |    27 |    20 ||    56
       Ration            |       |       |     1 |     1 ||     2
Armor: Leather armour    |    17 |    35 |    94 |    99 ||   245
       Skin              |       |       |       |    85 ||    85
Dodge: Dodged            |    68 |   124 |   330 |   513 ||  1035

Table legend:
 A = Non-vault XP
 B = Vault XP
 C = Vault XP percentage of total XP
 D = Non-vault monster count
 E = Vault monster count
 F = Vault count percentage of total count
                 A         B        C        D         E       F
            +---------+---------+-------+---------+---------+-------
      Total |    7314 |    2918 |  28.5 |     218 |      41 |  15.8
            +---------+---------+-------+---------+---------+-------
        D:1 |      69 |      35 |  33.7 |      21 |       1 |   4.5
        D:2 |     136 |     268 |  66.3 |      30 |       2 |   6.2
        D:3 |     141 |      72 |  33.8 |      19 |       2 |   9.5
        D:4 |     234 |       0 |   0.0 |      17 |       0 |   0.0
        D:5 |     544 |     153 |  22.0 |      19 |       4 |  17.4
        D:6 |     755 |       0 |   0.0 |      23 |       0 |   0.0
        D:7 |    1345 |     313 |  18.9 |      25 |       2 |   7.4
        D:8 |     621 |     450 |  42.0 |       9 |       8 |  47.1
        D:9 |    1165 |     672 |  36.6 |      22 |      11 |  33.3
       D:10 |    1130 |     641 |  36.2 |      18 |       9 |  33.3
       D:11 |     758 |     314 |  29.3 |      11 |       2 |  15.4
     Lair:1 |     416 |       0 |   0.0 |       4 |       0 |   0.0
            +---------+---------+-------+---------+---------+-------
